AoeStats
← LazyOldMan

Arabia

510270444Analyzed
1v1 RM · 1d ago on Sep 30, 2026· 50m 40s· 2 players
Game mode
Random Map
Map size
Tiny (2 player)
Population
200
Speed
Normal
Resources
Standard
Victory
Conquest
Starting age
Dark Age
Ending age
Imperial Age
RankedLock teamsTeams togetherTeam positionsShared explorationLock speedFull tech treeHidden civsTurbo modeCheats
Victory
Defeat
🇸🇪 Armenians · Sweden
1022
+18
🇨🇳 Saxons · China
1071
-18
NaokiShinjoo
6:43 Loom
8:58 Feudal Age
9:36 Double-Bit Axe
17:52 Fletching
18:43 Padded Archer Armor
22:13 Castle Age
20:51 Forging
20:36 Gold Mining
20:30 Horse Collar
22:20 Crossbowman
27:23 Bodkin Arrow
28:18 Gambesons
29:37 Wheelbarrow
29:06 Squires
29:51 Stone Mining
30:42 Bow Saw
30:55 Scale Mail Armor
33:32 Thumb Ring
35:05 Chain Mail Armor
35:26 Iron Casting
34:32 Elite Skirmisher
39:28 Imperial Age
37:29 Leather Archer Armor
37:17 Arson
40:32 Conscription
41:19 Shield Wall
43:15 Arbalester
45:39 Elite Varangian Guard
47:40 Plate Mail Armor
49:32 Gold Shaft Mining
50:28 Bracer
LazyOldMan
7:26 Loom
10:45 Feudal Age
10:47 Man-at-Arms
11:18 Double-Bit Axe
13:44 Long Swordsman
19:28 Fletching
20:21 Padded Archer Armor
20:52 Scale Mail Armor
24:29 Arson
27:34 Castle Age
26:00 Horse Collar
26:13 Gold Mining
26:48 Stone Mining
28:40 Bow Saw
28:33 Crossbowman
29:09 Bodkin Arrow
29:31 Leather Archer Armor
29:22 Squires
30:09 Gold Shaft Mining
30:25 Wheelbarrow
29:47 Gambesons
30:28 Two-Handed Swordsman
32:59 Town Watch
33:32 Hand Cart
34:31 Chain Mail Armor
36:20 Ballistics
40:35 Imperial Age
38:41 Forging
39:44 Town Watch
39:23 Champion
41:23 Iron Casting
41:38 Bracer
42:47 Chemistry
41:52 Elite Composite Bowman
43:17 Conscription
43:06 Fereters
42:59 Capped Ram
44:28 Plate Mail Armor
45:34 Blast Furnace
45:33 Ring Archer Armor
45:13 Fereters
48:00 Siege Ram
Connection lost

Rejoining the realm…

Still unreachable

The connection could not be restored.

Session expired

The server has moved on; the page needs a fresh start.